 Dungeon Crawl Stone Soup version 0.27-a0-334-g52645efa06 (webtiles) character file.

Game seed: 6949871221762106812

1241 sahdkjhfkaj the Chopper (level 8, -2/73 HPs)
             Began as a Deep Dwarf Fighter on Feb 13, 2021.
             Killed by divine providence
             ... invoked by an orc priest
              (8 damage)
             ... on level 6 of the Dungeon.
             The game lasted 00:03:05 (1793 turns).

sahdkjhfkaj the Chopper (Deep Dwarf Fighter)        Turns: 1793, Time: 00:03:06

Health: -2/73      AC: 12    Str: 22      XL:     8   Next: 25%
Magic:  3/3        EV:  5    Int:  9      God:
Gold:   158        SH: 10    Dex:  8 (12) Spells: 7/7 levels left

rFire    . . .     SeeInvis .   a - +0 war axe
rCold    . . .     Faith    .   c - +0 kite shield
rNeg     . . .     Spirit   .   o - +0 plate armour
rPois    .         Reflect  .   (no helmet)
rElec    .         Harm     .   (no cloak)
rCorr    .         Rampage  .   (no gloves)
Will     +....                  (no boots)
Stlth    ..........             (no amulet)
HPRegen  0.00/turn              (no ring)
MPRegen  0.08/turn              (no ring)

@: non-regenerating
A: damage resistance, heal wounds, sense surroundings 1, no regeneration
a: Heal Wounds


You were on level 6 of the Dungeon.
You visited 1 branch of the dungeon, and saw 5 of its levels.

You collected 158 gold pieces.

Inventory:

Hand Weapons
 a - a +0 war axe (weapon)
Armour
 c - a +0 kite shield (worn)
 o - a +0 plate armour (worn)
Scrolls
 e - 2 scrolls of fog
 i - 2 scrolls of amnesia
 k - a scroll of enchant weapon
 l - a scroll of immolation
Potions
 b - a potion of curing {@q1}
 d - a potion of might {@q4}
 g - 2 potions of lignification {unknown}
 h - a potion of brilliance {unknown}
 j - a potion of mutation {unknown}
 m - a potion of heal wounds {unknown}
 n - a potion of degeneration {unknown}


   Skills:
 + Level 4.4 Fighting
 * Level 6.8 Axes
 + Level 5.5 Armour
 + Level 4.1 Dodging
 + Level 5.4 Shields


You had 7 spell levels left.
You didn't know any spells.
Your spell library was empty.

Dungeon Overview and Level Annotations

Branches:
Dungeon (6/15)
 Temple: D:4-7

Altars:

Annotations:
D:4 1 exclusion, Blork the orc


Innate Abilities, Weirdness & Mutations

You are resistant to damage.
You can heal yourself by infusing magical energy.
You passively map a small area around you.
You do not regenerate.


Message History

You hit the adder.
The adder is heavily wounded.
The adder bites you but does no damage. x2
You closely miss the adder.
The adder is heavily wounded.
You block the adder's attack. The adder bites you but does no damage.
Unknown command.
You closely miss the adder.
The adder is heavily wounded.
The adder bites you but does no damage.
The orc priest invokes the aid of Beogh against you.
Beogh smites you!
* * * LOW HITPOINT WARNING * * *
The adder bites you but does no damage.
You miss the adder.
The adder is heavily wounded.
The adder barely misses you.
Unknown command.
You miss the adder.
The adder is heavily wounded.
The adder bites you but does no damage. x2
Unknown command.
Your shield prevents you from hitting the adder.
The adder is heavily wounded.
You block the adder's attack. The adder bites you but does no damage.
Unknown command.
You slash the adder!
You kill the adder!
You are no longer poisoned.
The orc priest calls down the wrath of Beogh upon you.
Beogh smites you!
* * * LOW HITPOINT WARNING * * *
Unknown command.
You closely miss the orc priest. You barely miss the orc priest.
The orc priest hits you but does no damage.
You barely miss the orc. You slash the orc priest!
You closely miss the orc priest.
The orc priest mumbles some strange prayers to Beogh against you.
Beogh smites you!
You die...

#.# #.# #.# ######
########.#
.....#####....)...#
.........#.########
......##.#.......# ####
......##.###..##o#o.!.##*
.......#...#....@o......
......)###......o#......
......)))...##...#,.....,
#...[######.####.# ,....
...####.....## #.# ### *
................... ,
...#..##########... ,
......... ..... ,
........##* ** * , *


You could see 3 orc priests and an orc.

Vanquished Creatures
  An ice beast (D:5)
  A sky beast (D:5)
  3 ogres
  A centaur (D:5)
  2 scorpions (D:5)
  A howler monkey (D:4)
  3 quasits (D:5)
  2 hounds (D:5)
  2 orc priests
  A bullfrog skeleton (D:4)
  4 iguanas
  3 orc wizards
  2 worker ants
  A hound skeleton (D:4)
  A worker ant zombie (D:6)
  6 adders
  An adder skeleton (D:5)
  An adder zombie (D:5)
  A worm (D:4)
  A dart slug (D:2)
  A leopard gecko (D:5)
  11 orcs
  A bat (D:1)
  A giant cockroach (D:1)
  A goblin (D:1)
  5 hobgoblins
  A quokka (D:4)
  2 frilled lizards
  A giant cockroach zombie (D:5)
  3 kobolds
  A rat (D:2)
66 creatures vanquished.

Vanquished Creatures (others)
  An orc wizard (D:6)
1 creature vanquished.

Grand Total: 67 creatures vanquished

Notes
Turn   | Place    | Note
-------+----------+-------------------------------------------
     0 | D:1      | sahdkjhfkaj the Deep Dwarf Fighter began the quest for the
                  | Orb.
     0 | D:1      | Reached XP level 1. HP: 20/20 MP: 1/1
   132 | D:2      | Reached XP level 2. HP: 20/27 MP: 2/2
   247 | D:2      | Reached skill level 3 in Axes
   247 | D:2      | Reached skill level 1 in Dodging
   247 | D:2      | Reached XP level 3. HP: 17/33 MP: 3/3
   291 | D:2      | You fall into a shaft and drop 2 floors!
   332 | D:4      | Reached XP level 4. HP: 16/42 MP: 3/3
   417 | D:4      | Noticed Blork the orc
   554 | D:4      | Reached XP level 5. HP: 32/49 MP: 4/4
   565 | D:4      | Reached skill level 4 in Axes
   944 | D:4      | Reached XP level 6. HP: 51/56 MP: 5/5
  1057 | D:5      | Entered Level 5 of the Dungeon
  1058 | D:5      | Noticed an ice beast
  1076 | D:5      | Killed an ice beast
  1077 | D:5      | Reached skill level 5 in Axes
  1150 | D:5      | Reached XP level 7. HP: 36/63 MP: 5/5
  1251 | D:5      | Reached skill level 5 in Armour
  1296 | D:5      | Reached skill level 6 in Axes
  1296 | D:5      | Reached skill level 5 in Shields
  1456 | D:5      | Reached XP level 8. HP: 40/72 MP: 4/4
  1793 | D:6      | Killed from afar by an orc priest

Illustrated notes

Levels and vault maps discovered:
D:1:      erik_arrival_triangle_small, layout_rooms, kennysheep_pointless_box
D:2:      layout_loops_cross, chequers_ecumenical_altar_island, uniq_terence
D:4:      layout_loops_ring, tgw_sif
D:5:      layout_rooms, st_stairs_9, kennysheep_generic_room_13
D:6:      layout_basic, vehumet_crystals

Skill      XL: |  1  2  3  4  5  6  7  8 |
---------------+-------------------------+-----
Axes           | 3 4 5 6 |  6.8
Dodging        | 1 2 3 4 |  4.1
Fighting       | 3 4 |  4.4
Armour         | 4 5 |  5.5
Shields        | 4 5 |  5.4

Action                   |  1- 3 |  4- 6 |  7- 9 || total
-------------------------+-------+-------+-------++-------
Melee: War axe           |    70 |   102 |   205 ||   377
 Abil: Heal Wounds       |     1 |     5 |    10 ||    16
  Use: Scroll            |       |       |     5 ||     5
Armor: Scale mail        |    33 |    93 |   169 ||   295
       Plate armour      |       |       |    14 ||    14
Dodge: Dodged            |    24 |    83 |   117 ||   224
Block: Kite shield       |    59 |   106 |   158 ||   323

Table legend: (Time is in decaauts)
 A = Elapsed time spent in this place.
 B = Non-inter-level travel time spent in this place.
 C = Inter-level travel time spent in this place.
 D = Time resting spent in this place.
 E = Time spent auto-exploring this place.
 F = Levels seen in this place.
 G = Mean time per level.
                   A        B        C        D        E       F      G
               +--------+--------+--------+--------+--------+-----+--------+
         Total |   1965 |   1919 |     46 |      0 |   1067 |   5 |  393.0 |
       Dungeon |   1965 |   1919 |     46 |      0 |   1067 |   5 |  393.0 |
               +--------+--------+--------+--------+--------+-----+--------+

Top non-repeatable levels by time:
     D:4: 819 daAuts
     D:5: 664 daAuts
     D:2: 184 daAuts
     D:6: 166 daAuts
     D:1: 130 daAuts
